 Dungeon Crawl Stone Soup version 0.28.0-43-g3370ac3207 (webtiles) character file.

Game seed: 11623180519194165850

63 KamiKatze the Skirmisher (level 3, 0/31 HPs)
             Began as a Palentonga Fighter on Mar 22, 2022.
             Slain by Ijyb
             ... wielding a +0 club
              (4 damage)
             ... on level 3 of the Dungeon on Mar 23, 2022.
             The game lasted 00:04:21 (1715 turns).

KamiKatze the Skirmisher (Palentonga Fighter)       Turns: 1715, Time: 00:04:22

Health: 0/31       AC:  6    Str: 21    XL:     3   Next: 89%
Magic:  0/3        EV:  7    Int:  8    God:
Gold:   94         SH:  4    Dex:  9    Spells: 0/2 levels left

rFire   . . .      SeeInvis +   a - +0 war axe
rCold   + . .      Faith    .   c - +0 buckler
rNeg    . . .      Spirit   +   b - +0 scale mail
rPois   .          Reflect  .   (no helmet)
rElec   .          Harm     .   (no cloak)
rCorr   .          Rampage  .   (no gloves)
Will    .....                   (no barding)
Stlth   ..........              k - amulet of guardian spirit
HPRegen 0.10/turn               j - ring of protection from cold
MPRegen 0.08/turn               (no ring)

@: no status effects
A: large, rugged brown scales 3, see invisible, deformed body, roll 1, armoured
tail
a: Rolling Charge


You were on level 3 of the Dungeon.
You visited 1 branch of the dungeon, and saw 3 of its levels.

You collected 94 gold pieces.

Inventory:

Hand Weapons
 a - a +0 war axe (weapon)
Missiles
 f - 3 poisoned darts (quivered)
 g - 82 stones
Armour
 b - a +0 scale mail (worn)
 c - a +0 buckler (worn)
Jewellery
 j - a ring of protection from cold (left hand)
 k - an amulet of guardian spirit (around neck)
Scrolls
 e - a scroll of enchant armour {unknown}
 h - a scroll of summoning {unknown}
 i - a scroll of immolation {unknown}
 m - 2 scrolls of identify {unknown}
 n - a scroll of blinking {unknown}
 o - 3 scrolls of teleportation {unknown}
 p - a scroll of magic mapping {unknown}
Potions
 d - a potion of might
 l - a potion of cancellation {unknown}


   Skills:
 + Level 3.5 Fighting
 * Level 3.3 Axes
 - Level 2.4 Armour
 + Level 2.9 Shields


You couldn't memorise any spells.
You knew the following spells:

 Your Spells              Type           Power      Damage    Failure   Level
x - Blink                 Tloc           0%         N/A       92%         2

Your spell library contained the following spells:

 Spells                   Type           Power      Damage    Failure   Level
 Lesser Beckoning         Tloc           0%         N/A       99%         3
 Manifold Assault         Tloc           0%         N/A       100%        5


Dungeon Overview and Level Annotations

Branches:
Dungeon (3/15)

Altars:
Kikubaaqudgha

Shops:
D:2 [

Annotations:
D:3 Ijyb


Innate Abilities, Weirdness & Mutations

You are completely covered in rugged brown scales. (AC +3, +7% HP)
You have supernaturally acute eyesight. (SInv)
Armour fits poorly on your strangely shaped body.
You can roll at nearby foes to attack.
You have a long armoured tail.


Message History

Things that are here:
a +0 club; a goblin corpse
Things that are here:
a +0 dagger; a kobold corpse
Press: ? - help, v - describe, . - travel
Here: Ijyb, wielding a +0 club, wearing a +0 chain mail and carrying a wand of flame (25) (wandering, hasn't noticed you)
The floor.
Unknown command.
Ijyb shouts!
You hit Ijyb but do no damage. Ijyb barely misses you.
You barely miss Ijyb. You tail-slap Ijyb.
Ijyb is lightly wounded.
Ijyb hits you but does no damage.
Ijyb zaps a wand.
You block the puff of flame.
You barely miss Ijyb.
Ijyb is lightly wounded.
Ijyb hits you with a +0 club.
You hit Ijyb.
Ijyb is moderately wounded.
Ijyb hits you but does no damage.
Ijyb zaps a wand.
The puff of flame hits you.
You hit Ijyb. You tail-slap Ijyb, but do no damage.
Ijyb is severely wounded.
Ijyb hits you with a +0 club.
You barely miss Ijyb.
Ijyb is severely wounded.
Ijyb zaps a wand.
The puff of flame hits you!
You hit Ijyb. You tail-slap Ijyb.
Ijyb is almost dead.
Ijyb zaps a wand.
The puff of flame hits you!
* * * LOW HITPOINT WARNING * * *
Ijyb hits you with a +0 club.
* * * LOW HITPOINT WARNING * * *
You hit Ijyb but do no damage. You tail-slap Ijyb, but do no damage.
Ijyb is almost dead.
Ijyb screams, "No!
No, no, no, no!"
Ijyb hits you but does no damage.
You closely miss Ijyb.
Ijyb is almost dead.
Ijyb hits you with a +0 club.
You die...

# # . #. .# .# ..###
###.##.#. ... ........
#..##g###.##.#.#
#.....@........ .
###..##.#.##.#.# #.#
....##........#...# #
#......#.#.$....#.# #.
#...##.#..))[.#.#..
#..#.#.##...#........#
#.#.#.##.#.#.#[##.#.##
...#....#.....:.....
###
#.#.##.#.#.##.###.#


You could see Ijyb.

Vanquished Creatures
  3 adders
  A dart slug (D:2)
  3 ball pythons
  2 endoplasms
  2 giant cockroaches
  2 goblins (D:3)
  4 jackals (D:3)
  2 quokkas (D:1)
  A bat (D:2)
  2 frilled lizards
  7 kobolds
  5 rats
34 creatures vanquished.

Vanquished Creatures (others)
  A worm (D:2)
1 creature vanquished.

Grand Total: 35 creatures vanquished

Notes
Turn   | Place    | Note
-------+----------+-------------------------------------------
     0 | D:1      | KamiKatze the Palentonga Fighter began the quest for the
                  | Orb.
     0 | D:1      | Reached XP level 1. HP: 19/19 MP: 1/1
   318 | D:1      | Reached XP level 2. HP: 25/25 MP: 2/2
   736 | D:2      | Reached XP level 3. HP: 18/31 MP: 3/3
   839 | D:2      | Found a faded altar of an unknown god.
   844 | D:2      | Learned a level 2 spell: Blink
  1221 | D:2      | Found Kerem's Antique Armour Shop.
  1399 | D:3      | Found an ancient bone altar of Kikubaaqudgha.
  1696 | D:3      | Noticed Ijyb
  1715 | D:3      | Slain by Ijyb

Illustrated notes

Levels and vault maps discovered:
D:1:      dpeg_arrival_court, layout_loops_cross, minmay_misc_feat_five,
          kennysheep_minor_cross
D:2:      layout_rooms, hellmonk_ecumenical_altar_arch_garden, serial_shops,
          nicolae_shop_waterfront, lemuel_old_faithful
D:3:      layout_loops_ring, mainiacjoe_overflow_brackets,
          amcnicky_mini_corridor_feature, minmay_diced_spiral, uniq_ijyb

Skill      XL: |  1  2  3 |
---------------+----------+-----
Axes           | 3 |  3.3
Fighting       | |  3.5
Armour         | |  2.4
Shields        | |  2.9

Action                   || total
-------------------------++-------
Melee: War axe           ||    84
       Tailslap          ||     7
Armor: Scale mail        ||    30
Dodge: Dodged            ||    32
Block: Buckler           ||    11
